 Dungeon Crawl Stone Soup version 0.21.1-1-g345015f (webtiles) character file.

46 sking99 the Ruffian (level 3, -2/36 HPs)
             Began as an Ogre Transmuter on June 20, 2018.
             Slain by a jackal (3 damage)
             ... on level 2 of the Dungeon.
             The game lasted 00:08:37 (1796 turns).

sking99 the Ruffian (Ogre Transmuter)               Turns: 1796, Time: 00:08:37

Health: -2/36      AC:  3    Str: 14    XL:     3   Next: 68%
Magic:  1/6        EV: 10    Int: 15    God:
Gold:   76         SH:  0    Dex:  9    Spells: 1/7 levels left

rFire    . . .     SeeInvis .     - Unarmed
rCold    . . .     Gourm    .   (no shield)
rNeg     . . .     Faith    .   b - +0 robe
rPois    .         Spirit   .   (helmet restricted)
rElec    .         Reflect  .   (no cloak)
rCorr    .         Harm     .   (gloves unavailable)
MR       .....                  (boots unavailable)
Stlth    +.........             (no amulet)
HPRegen  0.12/turn              (no ring)
MPRegen  0.10/turn              (no ring)

@: very slightly contaminated
A: large, unfitting armour, tough skin 1
a: no special abilities


You were on level 2 of the Dungeon.
You were not hungry.

You visited 1 branch of the dungeon, and saw 2 of its levels.

You collected 76 gold pieces.

Inventory:

Missiles
 a - 34 arrows
Armour
 b - a +0 robe (worn)
Jewellery
 i - an uncursed ring of protection from cold {unknown}
 j - a +2 ring of dexterity {unknown}
Scrolls
 e - a scroll of enchant armour {unknown}
 g - 2 scrolls of teleportation {unknown}
 h - 4 scrolls of remove curse {unknown}
 k - 2 scrolls of enchant weapon {unknown}
 l - 2 scrolls of identify {unknown}
 m - a scroll of immolation {unknown}
Books
 c - a book of Changes

   Spells                             Type                      Level
   a - Beastly Appendage              Transmutation                1
   b - Sticks to Snakes               Transmutation                2
   c - Spider Form                    Transmutation/Poison         3
   d - Ice Form                       Ice/Transmutation            4
   e - Blade Hands                    Transmutation                5
Comestibles
 d - 2 rations


   Skills:
 - Level 2.6 Fighting
 - Level 2.4 Dodging
 - Level 3.2 Unarmed Combat
 + Level 2.5 Spellcasting
 + Level 1.8 Transmutations
 + Level 0.1 Poison Magic


You had one spell level left.
You knew the following spells:

 Your Spells              Type           Power        Failure   Level  Hunger
a - Beastly Appendage     Tmut           #.....       10%         1    #......
b - Sticks to Snakes      Tmut           #.......     16%         2    ###....
c - Spider Form           Tmut/Pois      #.........   38%         3    ###....


Dungeon Overview and Level Annotations

Branches:
Dungeon (2/15)

Altars:


Innate Abilities, Weirdness & Mutations

You are too large for most types of armour.
You have tough skin. (AC +1)


Message History

The jackal closely misses you.
You barely miss the jackal.
The jackal is almost dead.
The jackal bites you but does no damage.
The jackal barely misses you. x2
You hit the jackal.
You kill the jackal!
The jackal closely misses you.
You closely miss the jackal. The jackal barely misses you.
The jackal bites you but does no damage.
A hobgoblin comes into view. It is wielding a club.
You closely miss the jackal. The jackal closely misses you.
You barely miss the jackal. The jackal barely misses you. The jackal bites you.
* * * LOW HITPOINT WARNING * * *
You barely miss the jackal. The jackal bites you.
* * * LOW HITPOINT WARNING * * *
You barely miss the jackal. The jackal bites you.
* * * LOW HITPOINT WARNING * * *
You closely miss the jackal. The jackal bites you.
You die...

....< ..)########
#h##...>.. #
#.##.##<##.##
#.##g##.#......
#..........# .#
....
####.##)##.##.###.#
... #.gh..........#
#.. .
####@......###.#..
.. ####..........
.. #.#######.#....
#.# ####.##... #.#
#......... #.#
#.##..####
#.####.###.#
#......# #.#
######## #.####


You could see a jackal and a hobgoblin.

Vanquished Creatures
  An adder (D:2)
  A dart slug (D:2)
  A giant cockroach (D:1)
  4 goblins
  6 hobgoblins
  3 jackals (D:2)
  8 kobolds
  4 bats
  2 frilled lizards
  3 rats
33 creatures vanquished.

Notes
Turn   | Place    | Note
-------+----------+-------------------------------------------
     0 | D:1      | sking99 the Ogre Transmuter began the quest for the Orb.
     0 | D:1      | Reached XP level 1. HP: 19/19 MP: 3/3
   223 | D:1      | Reached XP level 2. HP: 18/28 MP: 5/5
   227 | D:1      | Learned a level 2 spell: Sticks to Snakes
   814 | D:1      | Reached skill level 3 in Unarmed Combat
  1269 | D:2      | Reached XP level 3. HP: 26/36 MP: 6/6
  1685 | D:2      | Learned a level 3 spell: Spider Form
  1795 | D:2      | HP: 1/36 [jackal (1)]
  1796 | D:2      | Slain by a jackal

Skill      XL: |  1  2 |
---------------+-------+-----
Dodging        | 2 |  2.4
Fighting       | 2 |  2.6
Unarmed Combat | 3 |  3.2
Spellcasting   | |  2.5
Transmutations | |  1.8
Poison Magic   | |  0.1

Action                   || total
-------------------------++-------
Melee: Unarmed           ||   139
       Punch             ||     1
  Eat: Chunk             ||     3
Armor: Robe              ||    32
Dodge: Dodged            ||    65
